 Dungeon Crawl Stone Soup version 0.30-a0-451-ge042605de7 (webtiles) character file.

Game seed: 7413121111147411779

5383 funkygono the Arsonist (level 10, -2/68 HPs)
             Began as a Demonspawn Fire Elementalist on Dec 11, 2022.
             Was a Believer of Sif Muna.
             Succumbed to a centaur warrior's poison
             ... on level 8 of the Dungeon.
             The game lasted 00:18:16 (9165 turns).

funkygono the Arsonist (DsFE)                       Turns: 9165, Time: 00:18:17

Health: -2/68      AC:  7    Str:  9    XL:     10   Next: 39%
Magic:  9/22       EV: 13    Int: 21    God:    Sif Muna [**....]
Gold:   309        SH:  4    Dex: 13    Spells: 15/25 levels left

rFire   + . .      SeeInvis .    E - +6 long sword
rCold   x . .      Faith    .    (no shield)
rNeg    . . .      Spirit   .    a - +1 robe
rPois   .          Reflect  .    (no helmet)
rElec   +          Harm     .    (no cloak)
rCorr   .          Rampage  .    (no gloves)
Will    .....                    (no boots)
Stlth   ++........               F - amulet of the Air {Inacc Air Fly rElec RMsl}
HPRegen 0.31/turn                y - ring of fire
MPRegen 0.18/turn                C - +4 ring of protection

@: lethally poisoned (-2 -> -37), flying, repel missiles
A: hooves 1, large bone plates 1, demonic guardian 1, powered by death 2
a: Renounce Religion, Channel Magic


You were on level 8 of the Dungeon.
You worshipped Sif Muna.
Sif Muna was pleased with you.
You visited 2 branches of the dungeon, and saw 9 of its levels.
You also visited: Bailey.

You collected 309 gold pieces.

Inventory:

Hand Weapons
 g - a +0 whip
 i - a +0 mace
 k - a +0 falchion
 E - a +6 long sword (weapon)
Armour
 a - a +1 robe (worn)
Jewellery
 b - a +6 ring of intelligence
 e - an amulet of the acrobat
 y - a ring of fire (left hand)
 C - a +4 ring of protection (right hand)
 D - a +6 ring of dexterity
 F - the amulet of the Air (around neck) {Inacc Air Fly rElec RMsl}
   (You took it off a gnoll bouda in a bailey)

   [amulet of nothing]

   It reduces the accuracy of all your attacks.
   It enhances your air magic.
   rElec:     It insulates you from electricity.
   Fly:       It grants you flight.
   RMsl:      It protects you from missiles.
Wands
 A - a wand of flame (28)
Scrolls
 c - a scroll of identify
 d - a scroll of fog
 f - a scroll of poison
 j - a scroll of immolation
 o - 3 scrolls of enchant armour
 s - 3 scrolls of teleportation
 t - a scroll of magic mapping
 v - a scroll of vulnerability
 B - a scroll of blinking
Potions
 h - a potion of resistance
 l - 7 potions of heal wounds
 m - 8 potions of curing
 n - 2 potions of brilliance
 p - a potion of cancellation
 r - a potion of haste {unknown}
 u - 2 potions of attraction
 w - a potion of berserk rage {unknown}
 x - a potion of ambrosia {unknown}
 H - a potion of degeneration {unknown}
Miscellaneous
 G - a phial of floods


   Skills:
 + Level 2.3 Fighting
 + Level 1.8 Long Blades
 + Level 3.3 Dodging
 - Level 1.7 Stealth
 + Level 2.5 Shields
 + Level 8.4 Spellcasting
 + Level 6.7 Conjurations
 + Level 8.9 Fire Magic
 + Level 1.5 Invocations


You had 15 spell levels left.
You knew the following spells:

 Your Spells              Type           Power      Damage    Failure   Level
a - Foxfire               Conj/Fire      100%       2x1d9     1%          1
b - Scorch                Fire           100%       2d10      1%          2
c - Kindle Blastsparks    Fire/Tloc/Air  94%        2d17      7%          3
d - Flame Wave            Conj/Fire      58%        2d14      3%          4

Your spell library contained the following spells:

 Spells                   Type           Power      Damage    Failure   Level
 Shock                    Conj/Air       100%       1d9       1%          1
 Inner Flame              Hex/Fire       41%        N/A       3%          3
 Summon Small Mammal      Summ           32%        N/A       8%          1
 Call Canine Familiar     Summ           8%         N/A       22%         3
 Ozocubu's Armour         Ice            8%         N/A       22%         3
 Portal Projectile        Hex/Tloc       16%        N/A       22%         3
 Summon Guardian Golem    Hex/Summ       8%         N/A       22%         3
 Swiftness                Air            13%        N/A       22%         3
 Airstrike                Air            6%         2d(1-17)  58%         4
 Leda's Liquefaction      Hex/Erth       4%         N/A       58%         4
 Metabolic Englaciation   Hex/Ice        4%         N/A       91%         5
 Simulacrum               Ice/Necr       4%         N/A       100%        6


Dungeon Overview and Level Annotations

Branches:
Dungeon (8/15)             Temple (1/1) D:4          Bailey (visited)
   Lair: D:8-11

Altars:
Cheibriados
Dithmenos
Fedhas
Gozag
Hepliaklqana
Kikubaaqudgha
Makhleb
Nemelex Xobeh
Okawaru
Qazlal
Ru
Sif Muna
Trog
Vehumet
Wu Jian
Xom
Yredelemnul

Shops:
D:5 (


Innate Abilities, Weirdness & Mutations

You have large cloven feet.
You are partially covered in large bone plates. (SH +4)
A weak demonic guardian rushes to your aid.
You regenerate health from kills.


Message History

The centaur warrior hits you with a +1 quick blade of venom.
The centaur warrior kicks you but does no damage.
A manticore comes into view.
A vampire comes into view.
Casting: Scorch (safe; 1% risk of failure)
Confirm with . or Enter, or press ? or * to list all spells.
Casting: Flame Wave (dangerous; 3% risk of failure)
Press: ? - help, Dir - look around, f - activate You feel a surge of power!
A wave of flame ripples out!
The flame wave engulfs your foxfire.
Your foxfire completely resists.
The flame wave engulfs the centaur warrior!
The centaur warrior is burned terribly!
The centaur warrior is heavily wounded. (Press . to intensify the flame waves.)
You feel very sick.
The centaur warrior hits you with a +1 quick blade of venom!
You are more poisoned.
The centaur warrior kicks you.
The centaur warrior hits you with a +1 quick blade of venom!
The centaur warrior kicks you but does no damage.
A wave of flame ripples out!
The flame wave engulfs your foxfire.
Your foxfire completely resists.
The flame wave engulfs the centaur warrior.
The centaur warrior is burned terribly!
The centaur warrior is heavily wounded.
* * * LOW HITPOINT WARNING * * *
You feel very sick.
The centaur warrior hits you with a +1 quick blade of venom!
* * * LOW HITPOINT WARNING * * *
A demonic guardian appears!
You are more poisoned.
The centaur warrior barely misses you.
A wave of flame ripples out!
The flame wave engulfs your foxfire.
Your foxfire completely resists.
The flame wave engulfs the centaur warrior!
The centaur warrior is burned terribly!
The centaur warrior is severely wounded.
Your demonic guardian avoids your attack.
You finish channelling waves of flame.
You die...

......#.#......#
..###.#.######.# ..#
#.#....# #.# ..#
#.####.###.# ..# #.#
#.#.##########
############..#...#...#..
...........#..'..5)...').
≈~~~~≈~~~~.#.##.v.#
≈≈≈≈≈≈≈~≈~.'.###@##
≈≈≈≈≈≈≈≈≈~.#..#.c)#
~≈~~≈~~~~~.#..#...#.
...........#..#...#}..
############..##'###'##
####... ..# ... .'. ...
#.


You could see a centaur warrior (combustible, ally target) and a friendly quasit
(summoned).

Vanquished Creatures
  A centaur warrior (D:8)
  A manticore (D:8)
  A cyclops (D:8)
  A gargoyle (D:8)
  A shadow (D:8)
  Grum (Bailey)
  3 steam dragons
  Menkaure (D:6)
  A black bear (D:6)
  An ogre (D:6)
  5 wolves (Bailey)
  2 kobold brigands
  5 necrophages
  A bullfrog (D:7)
  2 scorpions
  6 gnoll sergeants (Bailey)
  4 wights (D:7)
  5 killer bees (D:7)
  2 electric eels (D:8)
  6 hounds
  An orc priest (D:4)
  5 gnoll boudas (Bailey)
  2 iguanas
  Natasha (thrice) (D:4)
  2 orc wizards
  15 gnolls
  7 adders
  A shadow imp (D:4)
  An ufetubus (D:5)
  2 worms
  2 dart slugs
  21 orcs
  6 endoplasms
  4 giant cockroaches
  9 goblins
  6 hobgoblins
  16 kobolds
  2 quokkas
  6 ball pythons
  13 bats
  A frilled lizard (D:2)
  5 rats
180 creatures vanquished.

Vanquished Creatures (collateral kills)
  A wight (D:7)
  A killer bee (D:7)
2 creatures vanquished.

Vanquished Creatures (others)
  608 foxfires
608 creatures vanquished.

Grand Total: 790 creatures vanquished

Notes
Turn   | Place    | Note
-------+----------+-------------------------------------------
     0 | D:1      | funkygono the Demonspawn Fire Elementalist began the quest
                  | for the Orb.
     0 | D:1      | Reached XP level 1. HP: 13/13 MP: 3/3
   235 | D:1      | Gained mutation: You are partially covered in large bone
                  | plates. (SH +4) [demonic ancestry]
   235 | D:1      | Reached XP level 2. HP: 19/19 MP: 0/5
   238 | D:1      | Learned a level 2 spell: Scorch
   726 | D:1      | Gained mutation: You have large cloven feet. [demonic
                  | ancestry]
   726 | D:1      | Reached XP level 3. HP: 25/25 MP: 1/6
  1274 | D:2      | Learned a level 3 spell: Kindle Blastsparks
  2093 | D:3      | Reached XP level 4. HP: 31/31 MP: 0/8
  2839 | D:3      | Found an iron altar of Okawaru.
  2880 | D:3      | Found a stormy altar of Qazlal.
  2880 | D:3      | Found a sparkling altar of Nemelex Xobeh.
  3145 | D:4      | Noticed a necrophage
  3159 | D:4      | Killed a necrophage
  3160 | D:4      | Gained mutation: A weak demonic guardian rushes to your
                  | aid. [demonic ancestry]
  3160 | D:4      | Reached XP level 5. HP: 25/36 MP: 1/9
  3252 | D:4      | Learned a level 4 spell: Flame Wave
  3428 | D:4      | Gained mutation: You regenerate a little health from kills.
                  | [demonic ancestry]
  3428 | D:4      | Reached XP level 6. HP: 42/42 MP: 4/11
  4084 | D:4      | Found a staircase to the Ecumenical Temple.
  4096 | Temple   | Entered the Ecumenical Temple
  4103 | Temple   | Became a worshipper of Sif Muna the Loreminder
  4120 | D:4      | Noticed Natasha
  4125 | D:4      | Killed Natasha
  4243 | D:4      | Noticed Natasha
  4248 | D:4      | Killed Natasha
  4425 | D:4      | Noticed Natasha
  4428 | D:4      | Killed Natasha
  4470 | D:5      | Entered Level 5 of the Dungeon
  4476 | D:4      | Reached skill level 5 in Fire Magic
  4630 | D:5      | Gained mutation: You regenerate health from kills. [demonic
                  | ancestry]
  4630 | D:5      | Reached XP level 7. HP: 47/47 MP: 6/12
  4967 | D:5      | Found Yprui's Antique Weapon Shop.
  5364 | D:6      | Noticed Menkaure
  5369 | D:6      | Killed Menkaure
  5723 | D:6      | Reached skill level 5 in Spellcasting
  5723 | D:6      | Reached XP level 8. HP: 53/53 MP: 10/15
  6087 | D:7      | Reached skill level 5 in Conjurations
  6259 | D:7      | Reached * piety under Sif Muna
  6360 | D:7      | Found a flagged portal.
  6372 | Bailey   | Entered a bailey
  6388 | Bailey   | Reached skill level 1 in Fighting
  6733 | Bailey   | Reached skill level 1 in Shields
  6840 | Bailey   | Reached XP level 9. HP: 21/61 MP: 2/18
  6923 | Bailey   | Reached skill level 1 in Long Blades
  7012 | Bailey   | Reached skill level 1 in Invocations
  7063 | Bailey   | Noticed Grum
  7068 | Bailey   | Killed Grum
  7248 | Bailey   | Reached ** piety under Sif Muna
  8090 | D:7      | You fall into a shaft and drop 1 floor!
  9012 | D:8      | Noticed a manticore
  9018 | D:8      | Killed a manticore
  9019 | D:8      | Reached XP level 10. HP: 36/67 MP: 12/21
  9121 | D:8      | Noticed a centaur warrior
  9128 | D:8      | Noticed a cyclops
  9128 | D:8      | Killed a centaur warrior
  9130 | D:8      | Noticed a gargoyle
  9133 | D:8      | Killed a cyclops
  9138 | D:8      | Killed a gargoyle
  9155 | D:8      | Noticed a centaur warrior
  9162 | D:8      | Noticed a manticore
  9165 | D:8      | Succumbed to a centaur warrior's poison

Illustrated notes

Levels and vault maps discovered:
D:1:      dpeg_arrival_boxorama, layout_rooms, minmay_hexomino_u4
D:2:      layout_loops_corners
D:3:      layout_basic, jmf_multi_god_temple, mainiacjoe_overflow_alcove_2
D:4:      layout_loops_cross, minmay_temple_entry_junction, uniq_natasha
D:5:      layout_basic, serial_shops, nicolae_stop_n_shop_2,
          nicolae_concentric_dashed_squares_mild
D:6:      nicolae_BIG_FREAKIN_CUBE, layout_loops_ring, uniq_menkaure
D:7:      nicolae_cairo_tiling, layout_loops_ring, enter_bailey_5, st_stairs_4,
          nicolae_underground_beach
D:8:      layout_basic, jmf_multi_god_temple2, st_stairs_7,
          nicolae_zen_rock_garden, nrook_pool_corridor, minmay_evil_grid
Temple:   nicolae_temple_no_exploring_needed

Skill      XL: |  1  2  3  4  5  6  7  8  9 10 |
---------------+-------------------------------+-----
Fire Magic     | 3 4 5 6 8 |  8.9
Conjurations   | 2 3 4 5 6 |  6.7
Spellcasting   | 3 5 6 7 8 |  8.4
Dodging        | 2 3 |  3.3
Fighting       | 1 2 |  2.3
Shields        | 1 2 |  2.5
Long Blades    | 1 |  1.8
Invocations    | 1 |  1.5
Stealth        | |  1.7

Action                   |  1- 3 |  4- 6 |  7- 9 | 10-12 || total
-------------------------+-------+-------+-------+-------++-------
Melee: Unarmed           |     1 |       |       |       ||     1
       Falchion          |       |     1 |    51 |       ||    52
       Kick              |       |       |    11 |       ||    11
       Long sword        |       |       |     5 |     1 ||     6
 Cast: Foxfire           |    72 |    91 |   188 |     2 ||   353
       Scorch            |     1 |    19 |    48 |     3 ||    71
       Flame Wave        |       |       |     7 |     4 ||    11
Invok: Channel Magic     |       |       |     2 |     1 ||     3
  Use: Potion            |       |       |     2 |       ||     2
       Scroll            |       |       |    17 |       ||    17
Armor: Robe              |     1 |       |    21 |     8 ||    30
Dodge: Dodged            |    11 |    13 |   120 |     8 ||   152
Block: Other             |     1 |     7 |    47 |     2 ||    57

Table legend: (Time is in decaauts)
 A = Elapsed time spent in this place.
 B = Non-inter-level travel time spent in this place.
 C = Inter-level travel time spent in this place.
 D = Time resting spent in this place.
 E = Time spent auto-exploring this place.
 F = Levels seen in this place.
 G = Mean time per level.
                   A        B        C        D        E       F      G
               +--------+--------+--------+--------+--------+-----+--------+
         Total |   9181 |   9052 |    129 |    965 |   6523 |  10 |  918.1 |
       Dungeon |   7916 |   7794 |    122 |    301 |   6325 |   8 |  989.5 |
        Temple |     18 |     11 |      7 |      0 |      4 |   1 |   18.0 |
        Bailey |   1246 |   1246 |      0 |    664 |    194 |   1 | 1246.0 |
               +--------+--------+--------+--------+--------+-----+--------+

Top non-repeatable levels by time:
     D:7: 1471 daAuts
     D:4: 1356 daAuts
  Bailey: 1246 daAuts
     D:3: 1104 daAuts
     D:1: 1051 daAuts
     D:2: 977 daAuts
     D:6: 735 daAuts
     D:5: 721 daAuts
     D:8: 498 daAuts
  Temple: 18 daAuts
